NCAA
VILLANOVA WILDCATS @ ARIZONA WILDCATS
04/23/2025
 
TOP OF THE 1ST
Villanova Wildcats batting - Pitching for Arizona Wildcats : RHP Rob Stanley
Pitching: RHP Rob Stanley
Batting: RHB Jason Powers 0-0: Ball
1-0: Swinging Strike
1-1: DOUBLE (Groundball, 5L)
Batting: RHB Robbie Anderson 0-0: Called Strike
0-1: Swinging Strike
0-2: Ball
1-2: Strikes out looking
Batting: LHB Steven Smith 0-0: Ball
Jason Powers steals 3rd base
1-0: Foul Ball, location: 2F
1-1: Ball
2-1: Foul Ball, location: 2F
2-2: Ball
Passed Ball!
Jason Powers scores
3-2: Ground out 4-3 (Groundball, 4)
Batting: RHB Jorge Barrios 0-0: Ball
1-0: Ball
2-0: Ball
3-0: Called Strike
3-1: Base on Balls
Batting: RHB Ron Elazar 0-0: DOUBLE (Line Drive, 7LS)
Jorge Barrios to third
Batting: RHB Dan McKay 0-0: Called Strike
0-1: Foul Ball, location: 2F
0-2: Hit by Pitch
Batting: SHB Lorenzo Gómez 0-0: Foul Ball, location: 2F
0-1: Called Strike
0-2: Ball
1-2: Ball
2-2: Ball
3-2: Foul Ball, location: 2F
3-2: Foul Ball, location: 2F
3-2: Base on Balls
Jorge Barrios scores
Ron Elazar to third
Dan McKay to second
Batting: RHB Ricardo López 0-0: Called Strike
0-1: Called Strike
0-2: Foul Ball, location: 2F
0-2: Foul Ball, location: 2F
0-2: Ball
1-2: Fielders Choice at 2nd, 5-4 (Groundball, 56)
Top of the 1st over - 2 run(s), 2 hit(s), 0 error(s), 2 left on base; Villanova 2 - Arizona 0
BOTTOM OF THE 1ST
Arizona Wildcats batting - Pitching for Villanova Wildcats : RHP Ryan Schmidt
Pitching: RHP Ryan Schmidt
Batting: SHB José Espinoza 0-0: Ball
1-0: Foul Ball, location: 2F
1-1: Foul Ball, location: 2F
1-2: Ball
2-2: Strikes out looking
Batting: RHB Juan Navarro 0-0: Ball
1-0: Called Strike
1-1: Swinging Strike
1-2: Fly out, F7 (Flyball, 78M)
Batting: RHB Michael Tucker 0-0: Ball
1-0: Ball
2-0: Ball
3-0: Called Strike
3-1: Base on Balls
Batting: RHB Gordon Owens 0-0: DOUBLE (Line Drive, 7LM)
Michael Tucker to third
Runner from 3rd tries for Home, throw and OUT!
Bottom of the 1st over - 0 run(s), 1 hit(s), 0 error(s), 1 left on base; Villanova 2 - Arizona 0
TOP OF THE 2ND
Villanova Wildcats batting - Pitching for Arizona Wildcats : RHP Rob Stanley
Batting: RHB Juan Romero 0-0: Ground out 4-3 (Groundball, 4)
Batting: RHB Jason Powers 0-0: Foul Ball, location: 2F
0-1: Ground out 6-3 (Groundball, 6)
Batting: RHB Robbie Anderson 0-0: Ball
1-0: Called Strike
1-1: SINGLE (Groundball, 56D)
Batting: LHB Steven Smith 0-0: Foul Ball, location: 2F
0-1: Foul Ball, location: 2F
0-2: Ball
1-2: Ball
2-2: Fly out, F7 (Line Drive, 7M)
Top of the 2nd over - 0 run(s), 1 hit(s), 0 error(s), 1 left on base; Villanova 2 - Arizona 0
BOTTOM OF THE 2ND
Arizona Wildcats batting - Pitching for Villanova Wildcats : RHP Ryan Schmidt
Batting: LHB Larry Battle 0-0: Ground out 6-3 (Groundball, 6)
Batting: LHB Larry Smith 0-0: Ball
1-0: Swinging Strike
1-1: Ground out 5-3 (Groundball, 5S)
Batting: SHB Steve Chase 0-0: Ball
1-0: Foul Ball, location: 2F
1-1: Ball
2-1: Ball
3-1: Swinging Strike
3-2: Foul Ball, location: 2F
3-2: Foul Ball, location: 2F
3-2: Base on Balls
Batting: RHB David Barker 0-0: Called Strike
0-1: Ball
1-1: Ground out 4-3 (Groundball, 4)
Bottom of the 2nd over - 0 run(s), 0 hit(s), 0 error(s), 1 left on base; Villanova 2 - Arizona 0
TOP OF THE 3RD
Villanova Wildcats batting - Pitching for Arizona Wildcats : RHP Rob Stanley
Batting: RHB Jorge Barrios 0-0: Ball
1-0: Ball
2-0: Ball
3-0: Base on Balls
Batting: RHB Ron Elazar 0-0: Fly out, F7 (Flyball, 7LM)
Batting: RHB Dan McKay 0-0: Ball
1-0: Ball
2-0: Called Strike
2-1: Reached on error, E6 (Groundball, 6M)
Jorge Barrios to second
Batting: SHB Lorenzo Gómez 0-0: Ball
1-0: Ball
2-0: Called Strike
2-1: Foul Ball, location: 2F
2-2: Ball
3-2: Base on Balls
Jorge Barrios to third
Dan McKay to second
Batting: RHB Ricardo López 0-0: Ground out U3 (Groundball, 3S)
Jorge Barrios scores
Dan McKay to third
Lorenzo Gómez to second
Batting: RHB Juan Romero 0-0: SINGLE (Line Drive, 34D)
Dan McKay scores
Lorenzo Gómez to third
Batting: RHB Jason Powers 0-0: Ball
1-0: SINGLE (Flyball, 78S)
Lorenzo Gómez scores
Juan Romero to second
Batting: RHB Robbie Anderson 0-0: DOUBLE (Line Drive, 5D)
Juan Romero scores
Jason Powers to third
Runner from 3rd tries for Home, SAFE, no throw or cutoff
Batting: LHB Steven Smith 0-0: Ball
1-0: Fly out, F8 (Flyball, 78M)
Top of the 3rd over - 5 run(s), 3 hit(s), 1 error(s), 1 left on base; Villanova 7 - Arizona 0
BOTTOM OF THE 3RD
Arizona Wildcats batting - Pitching for Villanova Wildcats : RHP Ryan Schmidt
Batting: RHB Arnold Flint 0-0: Called Strike
0-1: SINGLE (Line Drive, 7LM)
Batting: SHB José Espinoza 0-0: Ball
1-0: Ball
2-0: Ball
3-0: Called Strike
3-1: Fly out, F9 (Flyball, 89M)
Batting: RHB Juan Navarro 0-0: SINGLE (Flyball, 9LM)
Arnold Flint to second
Throwing error, E9
Arnold Flint scores
Juan Navarro to second
Batting: RHB Michael Tucker 0-0: Ball
Balk!
Juan Navarro to third
1-0: SINGLE (Groundball, 5L)
Juan Navarro scores
Batting: RHB Gordon Owens 0-0: Ball
1-0: Ball
2-0: Foul Ball, location: 2F
2-1: Ball
3-1: Base on Balls
Michael Tucker to second
Batting: LHB Larry Battle 0-0: Called Strike
0-1: Ball
1-1: Ball
2-1: Foul Ball, location: 2F
2-2: Foul Ball, location: 2F
2-2: Ball
3-2: Base on Balls
Michael Tucker to third
Gordon Owens to second
Batting: LHB Larry Smith 0-0: Ball
1-0: Fly out, F7 (Flyball, 78S)
Runner from 3rd tags up, SCORES, throw made
Batting: SHB Steve Chase 0-0: Ball
1-0: Called Strike
1-1: SINGLE (Groundball, 4MD)
Gordon Owens to third
Larry Battle to second
Runner from 3rd tries for Home, SAFE, throw made at trailing runner, SAFE at third!
Batting: RHB David Barker 0-0: Ball
1-0: Ball
2-0: Called Strike
2-1: Foul Ball, location: 2F
2-2: Foul Ball, location: 2F
2-2: Ground out 5-3 (Groundball, 56S)
Bottom of the 3rd over - 4 run(s), 4 hit(s), 1 error(s), 2 left on base; Villanova 7 - Arizona 4
TOP OF THE 4TH
Villanova Wildcats batting - Pitching for Arizona Wildcats : RHP Rob Stanley
Batting: RHB Jorge Barrios 0-0: Ball
1-0: Foul Ball, location: 2F
1-1: SOLO HOME RUN (Flyball, 7D), Distance : 369 ft
Pitching: RHP Tynan Foster
Batting: RHB Ron Elazar 0-0: Fly out, F9 (Flyball, 9S)
Batting: RHB Dan McKay 0-0: Ball
1-0: Swinging Strike
1-1: Foul Ball, location: 2F
1-2: Foul Ball, location: 2F
1-2: Ball
2-2: Strikes out swinging
Batting: SHB Lorenzo Gómez 0-0: Ball
1-0: Foul Ball, location: 2F
1-1: Ball
2-1: Foul Ball, location: 2F
2-2: Ball
3-2: Base on Balls
Batting: RHB Ricardo López 0-0: Ball
1-0: Ball
2-0: Ball
3-0: Called Strike
3-1: Foul Ball, location: 2F
3-2: Base on Balls
Lorenzo Gómez to second
Batting: RHB Juan Romero 0-0: Swinging Strike
0-1: Ball
1-1: Ball
2-1: Foul Ball, location: 2F
2-2: Strikes out swinging
Top of the 4th over - 1 run(s), 1 hit(s), 0 error(s), 2 left on base; Villanova 8 - Arizona 4
BOTTOM OF THE 4TH
Arizona Wildcats batting - Pitching for Villanova Wildcats : RHP Ryan Schmidt
Batting: RHB Arnold Flint 0-0: Ball
1-0: Called Strike
1-1: Ball
2-1: Ball
3-1: Called Strike
3-2: Fly out, F6 (Popup, 4M)
Batting: SHB José Espinoza 0-0: Called Strike
0-1: Foul Ball, location: 2F
0-2: Strikes out swinging
Batting: RHB Juan Navarro 0-0: Swinging Strike
0-1: Foul Ball, location: 2F
0-2: Ball
1-2: Strikes out swinging
Bottom of the 4th over - 0 run(s), 0 hit(s), 0 error(s), 0 left on base; Villanova 8 - Arizona 4
TOP OF THE 5TH
Villanova Wildcats batting - Pitching for Arizona Wildcats : RHP Tynan Foster
Batting: RHB Jason Powers 0-0: Called Strike
0-1: Swinging Strike
0-2: Ball
1-2: Ball
2-2: Strikes out looking
Batting: RHB Robbie Anderson 0-0: Ball
1-0: Ball
2-0: Ground out 5-3 (Groundball, 56)
Batting: LHB Steven Smith 0-0: Ball
1-0: Ball
2-0: Called Strike
2-1: Foul Ball, location: 2F
2-2: Foul Ball, location: 2F
2-2: SINGLE (Line Drive, 7S)
Batting: RHB Jorge Barrios 0-0: Ball
1-0: Called Strike
1-1: Swinging Strike
1-2: Ball
2-2: Strikes out swinging
Top of the 5th over - 0 run(s), 1 hit(s), 0 error(s), 1 left on base; Villanova 8 - Arizona 4
BOTTOM OF THE 5TH
Arizona Wildcats batting - Pitching for Villanova Wildcats : RHP Ryan Schmidt
Batting: RHB Michael Tucker 0-0: Called Strike
0-1: Swinging Strike
0-2: Strikes out looking
Batting: RHB Gordon Owens 0-0: Foul Ball, location: 2F
0-1: Fly out, F9 (Flyball, 89S)
Batting: LHB Larry Battle 0-0: Ball
1-0: SINGLE (Groundball, 34D) (infield hit)
Pitching: RHP Steve Gore
Batting: LHB Larry Smith 0-0: Ball
1-0: Ball
2-0: Ball
3-0: Base on Balls
Larry Battle to second
Batting: SHB Steve Chase 0-0: Ball
1-0: Swinging Strike
1-1: Ball
2-1: Ball
3-1: Foul Ball, location: 2F
3-2: Strikes out swinging
Bottom of the 5th over - 0 run(s), 1 hit(s), 0 error(s), 2 left on base; Villanova 8 - Arizona 4
TOP OF THE 6TH
Villanova Wildcats batting - Pitching for Arizona Wildcats : RHP Tynan Foster
Batting: RHB Ron Elazar 0-0: SINGLE (Groundball, 56D)
Batting: RHB Dan McKay 0-0: Foul Ball, location: 2F
0-1: Foul Ball, location: 2F
0-2: Ball
1-2: Strikes out swinging
Batting: SHB Lorenzo Gómez 0-0: Ball
Wild Pitch!
Ron Elazar to second
1-0: Called Strike
Ron Elazar steals 3rd base
1-1: Foul Ball, location: 2F
1-2: Fly out, F8 (Flyball, 8LM)
Runner from 3rd tags up, SCORES, no throw
Pitching: RHP Ray Campbell
Batting: RHB Ricardo López 0-0: Ball
1-0: Swinging Strike
1-1: SINGLE (Line Drive, 7S)
Batting: RHB Juan Romero 0-0: Ball
1-0: Ball
2-0: Ball
3-0: Base on Balls
Ricardo López to second
Batting: RHB Jason Powers 0-0: Ball
1-0: Foul Ball, location: 2F
1-1: Foul Ball, location: 2F
1-2: Ball
2-2: Ball
3-2: Foul Ball, location: 2F
3-2: SINGLE (Groundball, 4)
Ricardo López to third
Juan Romero to second
Ricardo López scores
Juan Romero to third
Batting: RHB Robbie Anderson 0-0: Called Strike
0-1: Foul Ball, location: 2F
0-2: Foul Ball, location: 2F
0-2: Ground out 4-3 (Groundball, 4)
Top of the 6th over - 2 run(s), 3 hit(s), 0 error(s), 2 left on base; Villanova 10 - Arizona 4
BOTTOM OF THE 6TH
Arizona Wildcats batting - Pitching for Villanova Wildcats : RHP Steve Gore
Batting: RHB David Barker 0-0: Ball
1-0: Ball
2-0: Called Strike
2-1: Called Strike
2-2: Foul Ball, location: 2F
2-2: Ball
3-2: Base on Balls
Batting: RHB Arnold Flint 0-0: Ball
1-0: Ball
2-0: Fly out, F9 (Line Drive, 89S)
Batting: SHB José Espinoza 0-0: Called Strike
David Barker is caught stealing 2nd base
0-1: Ball
1-1: Ball
2-1: Fly out, F7 (Flyball, 78M)
Bottom of the 6th over - 0 run(s), 0 hit(s), 0 error(s), 0 left on base; Villanova 10 - Arizona 4
TOP OF THE 7TH
Villanova Wildcats batting - Pitching for Arizona Wildcats : RHP Ray Campbell
Batting: LHB Steven Smith 0-0: Ball
1-0: Called Strike
1-1: SINGLE (Groundball, 4MD)
Batting: RHB Jorge Barrios 0-0: Ball
1-0: Ball
2-0: Ball
3-0: Base on Balls
Steven Smith to second
Batting: RHB Ron Elazar 0-0: Ball
1-0: Ball
2-0: Ball
3-0: Base on Balls
Steven Smith to third
Jorge Barrios to second
Batting: RHB Dan McKay 0-0: Fly out, F9 (Flyball, 9M)
Runner from 3rd tags up, SCORES, throw made
Batting: SHB Lorenzo Gómez 0-0: Ball
1-0: SINGLE (Flyball, 78M)
Jorge Barrios to third
Ron Elazar to second
Batting: RHB Ricardo López 0-0: Ball
1-0: Foul Ball, location: 2F
1-1: Ball
2-1: Foul Ball, location: 2F
2-2: Ball
3-2: Foul Ball, location: 2F
3-2: Base on Balls
Jorge Barrios scores
Ron Elazar to third
Lorenzo Gómez to second
Pitching: LHP John Cummings
Batting: RHB Juan Romero 0-0: Called Strike
0-1: Ball
1-1: Called Strike
1-2: Strikes out looking
Batting: RHB Jason Powers 0-0: Ground out 1-3 (Groundball, 13)
Top of the 7th over - 2 run(s), 2 hit(s), 0 error(s), 3 left on base; Villanova 12 - Arizona 4
BOTTOM OF THE 7TH
Arizona Wildcats batting - Pitching for Villanova Wildcats : RHP Steve Gore
Batting: RHB Juan Navarro 0-0: Ball
1-0: Ball
2-0: Ball
3-0: Fly out, F9 (Flyball, 89M)
Batting: RHB Michael Tucker 0-0: Called Strike
0-1: Swinging Strike
0-2: Strikes out swinging
Batting: RHB Gordon Owens 0-0: Ball
1-0: Ball
2-0: Ground out 1-3 (Groundball, 25)
Bottom of the 7th over - 0 run(s), 0 hit(s), 0 error(s), 0 left on base; Villanova 12 - Arizona 4
TOP OF THE 8TH
Villanova Wildcats batting - Pitching for Arizona Wildcats : LHP John Cummings
Batting: RHB Robbie Anderson 0-0: Called Strike
0-1: Swinging Strike
0-2: Ground out 6-3 (Groundball, 6)
Batting: LHB Steven Smith 0-0: Ball
1-0: Ball
2-0: Ball
3-0: Base on Balls
Batting: RHB Jorge Barrios 0-0: Called Strike
0-1: Foul Ball, location: 2F
0-2: Fly out, F8 (Flyball, 8RM)
Batting: RHB Ron Elazar 0-0: Ball
1-0: Called Strike
1-1: Foul Ball, location: 2F
1-2: Fly out, F8 (Flyball, 8LM)
Top of the 8th over - 0 run(s), 0 hit(s), 0 error(s), 1 left on base; Villanova 12 - Arizona 4
BOTTOM OF THE 8TH
Arizona Wildcats batting - Pitching for Villanova Wildcats : RHP Steve Gore
Pitching: RHP Armando López
Now at C: Tom Hooper
Batting: LHB Larry Battle 0-0: Swinging Strike
0-1: Ball
1-1: Foul Ball, location: 2F
1-2: SINGLE (Line Drive, 34D)
Batting: LHB Larry Smith 0-0: Fielders Choice at 2nd, 4-6 (Groundball, 4)
Batting: SHB Steve Chase 0-0: Fly out, F7 (Flyball, 7S)
Batting: RHB David Barker 0-0: Called Strike
0-1: Ball
1-1: Foul Ball, location: 2F
1-2: Foul Ball, location: 2F
1-2: Ball
2-2: Fielders Choice at 2nd, U6 (Groundball, 6M)
Bottom of the 8th over - 0 run(s), 1 hit(s), 0 error(s), 1 left on base; Villanova 12 - Arizona 4
TOP OF THE 9TH
Villanova Wildcats batting - Pitching for Arizona Wildcats : LHP John Cummings
Batting: RHB Dan McKay 0-0: Ball
1-0: Called Strike
1-1: Ball
2-1: Ball
3-1: Called Strike
3-2: Strikes out swinging
Batting: SHB Lorenzo Gómez 0-0: Fly out, F7 (Flyball, 7M)
Batting: RHB Ricardo López 0-0: Ball
1-0: Fly out, F4 (Popup, 3DF)
Top of the 9th over - 0 run(s), 0 hit(s), 0 error(s), 0 left on base; Villanova 12 - Arizona 4
BOTTOM OF THE 9TH
Arizona Wildcats batting - Pitching for Villanova Wildcats : RHP Armando López
Batting: RHB Arnold Flint 0-0: Ball
1-0: Ball
2-0: Ball
3-0: Called Strike
3-1: Fly out, F6 (Popup, 6MD)
Batting: SHB José Espinoza 0-0: Foul Ball, location: 2F
0-1: Ball
1-1: Fly out, F8 (Flyball, 8LM)
Batting: RHB Juan Navarro 0-0: Called Strike
0-1: Ball
1-1: Ground out 4-3 (Groundball, 4)
Bottom of the 9th over - 0 run(s), 0 hit(s), 0 error(s), 0 left on base; Villanova 12 - Arizona 4
This league is powered by Out of the Park Baseball, the baseball management simulation game for PC, Mac and Linux
Tuesday, August 2nd, 2016 - OOTP Baseball 16.8 Build 38